Map: [ESL] Oceanborn

Players

Nanami

  • Race: Protoss Protoss
  • Spawn Location: 5:00

Jieshi - Winner!

  • Race: Protoss Protoss
  • Spawn Location: 11:00

Event: ESL SC2 Masters 2023 Winter (Regional)

VOD

Have the link to the VOD?

Description

Time

  • Played on: Nov. 9, 2023, 6:40 a.m.
  • Length: 6:54

All games in this series

Show
View Real Time Build Order
Export as new Build Order

Nanami Protoss 

Build Orders: Phoenix Opening 

Get SALT Encoding   

  12  0:00  Probe  
  13  0:12  Probe  
  14  0:17  Pylon  
  14  0:24  Probe (Chrono Boost)  
  16  0:36  Gateway, Probe (Chrono Boost)  
  16  0:42  Probe (Chrono Boost)  
  16  0:45  Assimilator  
  17  0:51  Probe  
  17  0:53  Assimilator  
  18  1:03  Probe (Chrono Boost)  
  19  1:08  Gateway  
  19  1:13  Probe (Chrono Boost)  
  19  1:18  Probe (Chrono Boost)  
  20  1:23  Cybernetics Core  
  21  1:29  Probe  
  22  1:34  Pylon  
  22  1:41  Probe  
  23  1:53  Probe  
  24  2:00  Adept  
  24  2:01  Warp Gate, Adept  
  29  2:14  Pylon  
  28  2:21  Shield Battery  
  28  2:28  Pylon  
  28  2:33  Sentry  
  28  2:34  Sentry  
  32  2:48  Nexus  
  31  3:01  Stalker x2  
  31  3:04  Phoenix  
  36  3:11  Robotics Facility  
  35  3:15  Probe  
  36  3:20  Shield Battery  
  36  3:27  Probe  
  37  3:36  Shield Battery  
  37  3:40  Probe  
  38  3:47  Phoenix  
  38  3:50  Pylon  
  38  3:52  Probe  
  39  3:58  Immortal (Chrono Boost)  
  43  4:03  Stalker  
  43  4:08  Shield Battery  
  45  4:16  Stalker  
  47  4:27  Stalker  
  47  4:29  Shield Battery  
  49  4:39  Immortal (Chrono Boost)  
  53  4:52  Adept  
  47  4:54  Stalker  
  32  5:14  Stalker  
  32  5:26  Stalker  
  34  5:29  Probe (Chrono Boost)  
  34  5:30  Probe (Chrono Boost)  
  36  5:40  Probe (Chrono Boost)  
  37  5:43  Probe (Chrono Boost)  
  37  5:45  Probe (Chrono Boost)  
  37  5:49  Sentry, Probe (Chrono Boost)  
  41  5:55  Probe (Chrono Boost)  
  43  5:58  Stalker  
  43  6:01  Probe (Chrono Boost)  
  46  6:05  Observer  
  46  6:07  Probe (Chrono Boost)  
  46  6:10  Probe (Chrono Boost)  
  49  6:12  Probe (Chrono Boost)  
  49  6:16  Adept  
  50  6:25  Stalker  
  49  6:39  Stalker  
Show
View Real Time Build Order
Export as new Build Order

Jieshi Protoss - Winner!

Build Orders:  

Get SALT Encoding   

  12  0:00  Probe  
  13  0:12  Probe  
  14  0:17  Pylon  
  14  0:24  Probe (Chrono Boost)  
  15  0:36  Probe (Chrono Boost)  
  15  0:37  Gateway  
  16  0:44  Probe (Chrono Boost)  
  16  0:45  Assimilator  
  17  0:51  Probe  
  17  0:55  Assimilator  
  18  1:03  Probe (Chrono Boost)  
  19  1:07  Gateway  
  19  1:12  Probe (Chrono Boost)  
  19  1:17  Probe (Chrono Boost)  
  20  1:23  Cybernetics Core  
  21  1:29  Probe  
  22  1:34  Pylon  
  22  1:41  Probe  
  23  1:53  Probe  
  24  2:00  Adept x2, Warp Gate  
  28  2:11  Pylon  
  28  2:13  Robotics Facility  
  28  2:30  Stalker x2  
  31  2:45  Gateway  
  31  2:53  Shield Battery  
  31  2:58  Immortal (Chrono Boost)  
  31  3:04  Sentry  
  37  3:08  Pylon  
  37  3:26  Warp Prism (Chrono Boost)  
  39  3:52  Stalker x3  
  39  3:53  Pylon  
  45  3:57  Observer  
  46  4:16  Adept x3  
  52  4:19  Pylon  
  50  4:53  Stalker  
  50  4:54  Stalker x2  
  42  5:10  Immortal (Chrono Boost)  
  44  5:29  Adept  
  44  5:30  Adept x2  
  50  5:43  Immortal (Chrono Boost)  
  54  5:51  Adept  
  54  5:52  Adept  
  54  5:53  Adept  
  60  6:02  Pylon  
  60  6:26  Adept  
  60  6:27  Adept x2  
  64  6:47  Adept x3  
Tags
 
Add a new tag
Caveats
  • Supply blocks, unpowered buildings, or Contaminate may cause inaccurate times.
  • Supply counts are checked every 10 seconds.